 Dungeon Crawl Stone Soup version 0.26.1-11-gd32895ea62 (webtiles) character file.

Game seed: 1687775423408742098

17912 jlumianski the Thaumaturge (level 12, -8/79 (94) HPs)
             Began as a Gnoll Warper on July 11, 2021.
             Was an Elder of Qazlal.
             Mangled by a skeletal warrior
             ... wielding a +3 hand axe of draining
              (10 damage)
             ... on level 11 of the Dungeon on July 13, 2021.
             The game lasted 01:35:29 (15466 turns).

jlumianski the Thaumaturge (Gnoll Warper)          Turns: 15466, Time: 01:35:30

HP:   -8/79 (94)    AC: 19    Str: 15    XL:     12   Next: 53%
MP:   23/25         EV: 16    Int: 25    God:    Qazlal [****..]
Gold: 110           SH:  5    Dex: 17    Spells: 24/29 levels left

rFire    . . .     SeeInvis +   g - +2 eveningstar of Soagat {holy, Str+2 SInv}
rCold    . . .     Faith    .   (no shield)
rNeg     . . .     Spirit   .   X - +2 ring mail {rPois}
rPois    +         Reflect  .   i - +2 helmet
rElec    .         Harm     .   K - +1 cloak
rCorr    .         Rampage  .   f - +0 pair of gloves
Will     .....                  W - +2 pair of boots {run}
Stlth    ++........             C - amulet of regeneration
HPRegen  0.63/turn              m - ring of flight
MPRegen  0.19/turn              Y - +6 ring of intelligence

@: heavily drained, repel missiles, quick
A: distributed training, fangs 1, strong nose
a: Renounce Religion, Evoke Flight, Upheaval, Elemental Force


You were on level 11 of the Dungeon.
You worshipped Qazlal.
Qazlal was greatly pleased with you.
You visited 2 branches of the dungeon, and saw 13 of its levels.

You collected 932 gold pieces.
You spent 822 gold pieces at shops.

Inventory:

Hand Weapons
 g - the +2 eveningstar of Soagat (weapon) {holy, Str+2 SInv}
   (You acquired it on level 11 of the Dungeon)

   It has been blessed by the Shining One to cause great damage to the undead
   and demons.
   It affects your strength (+2).
   It lets you see invisible.
 H - a +3 whip of electrocution
 R - the +0 hand crossbow of Indomitability {elec, rElec rPois Will- Dex+2}
   (You bought it in a shop on level 6 of the Dungeon)

   It charges the ammunition it shoots with electricity; occasionally upon a
   hit, such missiles may discharge and cause terrible harm.
   It affects your dexterity (+2).
   It insulates you from electricity.
   It protects you from poison.
   It affects your willpower, your defense against some magical effects.
Missiles
 c - 57 bolts
 e - 4 boomerangs of dispersal
 p - 15 boomerangs
 w - 73 poisoned darts (quivered)
 O - 2 throwing nets
 Z - 5 silver javelins
Armour
 f - a +0 pair of gloves (worn)
 i - a +2 helmet (worn)
 K - a +1 cloak (worn)
 W - a +2 pair of boots of running (worn)
 X - a +2 ring mail of poison resistance (worn)
Jewellery
 m - a ring of flight (left hand)
 C - an amulet of regeneration (around neck)
 E - an uncursed ring of protection from fire
 G - an uncursed ring of fire
 S - an uncursed amulet of faith
 Y - a +6 ring of intelligence (right hand)
Wands
 x - a wand of flame (10)
 y - a wand of digging (4)
 T - a wand of random effects (24)
Scrolls
 a - a scroll of magic mapping
 d - a scroll of blinking
 o - 7 scrolls of teleportation
 q - 9 scrolls of identify
 M - 4 scrolls of fear
 U - 3 scrolls of remove curse
Potions
 k - 2 potions of cancellation
 l - 2 potions of ambrosia
 r - 3 potions of curing
 t - 2 potions of invisibility
 B - 2 potions of might


   Skills:
 + Level 8.8 Fighting
 + Level 7.4 Short Blades
 + Level 7.4 Long Blades
 + Level 8.8 Axes
 + Level 7.4 Maces & Flails
 + Level 7.4 Polearms
 + Level 7.4 Staves
 + Level 7.4 Slings
 + Level 7.4 Bows
 + Level 7.4 Crossbows
 + Level 7.9 Throwing
 + Level 7.9 Armour
 + Level 8.8 Dodging
 + Level 7.4 Stealth
 + Level 7.4 Shields
 + Level 7.4 Unarmed Combat
 + Level 9.0 Spellcasting
 + Level 6.1 Conjurations
 + Level 6.1 Hexes
 + Level 6.1 Summonings
 + Level 6.1 Necromancy
 + Level 8.3 Translocations
 + Level 6.1 Transmutations
 + Level 6.1 Fire Magic
 + Level 6.1 Ice Magic
 + Level 6.1 Air Magic
 + Level 6.1 Earth Magic
 + Level 6.1 Poison Magic
 + Level 8.1 Invocations
 + Level 7.4 Evocations


You had 24 spell levels left.
You knew the following spells:

 Your Spells              Type           Power        Failure   Level
a - Blink                 Tloc           N/A          1%          2
b - Gell's Gravitas       Tloc           26%          1%          3

Your spell library contained the following spells:

 Spells                   Type           Power        Failure   Level
 Lesser Beckoning         Tloc           26%          1%          3
 Teleport Other           Tloc           52%          1%          3
 Passage of Golubria      Tloc           N/A          3%          4


Dungeon Overview and Level Annotations

Branches:
Dungeon (12/15)            Temple (1/1) D:6            Lair (0/6) D:11
    Orc (0/2) D:9

Altars:
Ashenzari
Cheibriados
Dithmenos
Elyvilon
Fedhas
Gozag
Hepliaklqana
Kikubaaqudgha
Nemelex Xobeh
Okawaru
Qazlal
Ru
Sif Muna
Trog
Uskayaw
Vehumet
Wu Jian
Xom
Yredelemnul
Zin
The Shining One

Shops:
D:5 *   D:6 (   D:8 [   D:9 (   D:11 [

Annotations:
D:9 3 runed translucent doors, exclusion: orange crystal statue, nothank2's ghost, novice MfIE


Innate Abilities, Weirdness & Mutations

Your experience applies equally to all skills.
You have very sharp teeth.
Your uncanny sense of smell can sniff out nearby items.


Message History

You feel drained.
You hit the skeletal warrior.
The skeletal warrior convulses.
You bite the skeletal warrior, but do no damage.
The skeletal warrior is lightly damaged.
The skeletal warrior hits you with a cursed -1 hand axe!
* * * LOW HITPOINT WARNING * * *
The skeletal warrior completely misses you.
You hit the skeletal warrior.
The skeletal warrior convulses.
The skeletal warrior is moderately damaged.
You block the skeletal warrior's attack.
The skeletal warrior hits you with a +3 hand axe of draining.
* * * LOW HITPOINT WARNING * * *
You feel drained.
Casting: Gell's Gravitas (safe; 1% risk of failure)
Confirm with . or Enter, or press ? or * to list all spells.
You blink.
The skeletal warrior hits you with a +3 hand axe of draining!!
* * * LOW HITPOINT WARNING * * *
You feel drained.
You die...

...#......[.....#....#...#......)
...######...(...#....#...#.......
...##...#......(##########.......
...##...#.....###...#......######
........#.....#....°#......#....#
........#.....#..°.§#......'.....
........#.....#.....#......#.....
...##...#.....#..z..#......#.....
#####...#.....#.@z..#......#.....
#....#.....#.○○.>#......#.....
#....#.....####'##......######
#....#................###..###
#...<#................#.......
#....#................).......
#.....................#.......
##........)...........#....##)
###..###..############....##.


You could see 2 skeletal warriors.

Vanquished Creatures
  Azrael (D:12)
  Erolcha (D:12)
  A hydra (D:11)
  A two-headed ogre (D:5)
  2 unseen horrors
  A glowing orange brain (D:9)
  A cyclops (D:11)
  5 ugly things
  A manticore (D:11)
  Maurice (D:9)
  Joseph (D:8)
  A centaur skeleton (D:10)
  2 trolls
  A fire elemental (D:12)
  11 yaks
  A wyvern (D:11)
  A basilisk (D:11)
  6 water moccasins
  2 hell hounds (D:12)
  5 orc warriors
  2 necrophages
  4 sky beasts
  3 black bears (D:11)
  3 ice beasts
  3 ogres
  A phantom (D:8)
  3 wolves (D:11)
  9 centaurs
  7 bullfrogs
  2 gnoll sergeants
  2 scorpions
  14 killer bees
  3 bullfrog zombies
  6 hounds
  4 jellies
  A quasit (D:8)
  14 orc wizards
  5 orc priests
  4 bullfrog skeletons
  2 gnoll shamans (D:5)
  4 iguanas
  9 worker ants
  2 hound skeletons
  52 gnolls
  13 adders
  A howler monkey skeleton (D:10)
  2 shadow imps
  2 white imps
  3 ufetubi
  3 oozes
  An adder zombie (D:7)
  2 worms
  3 dart slugs
  3 leopard geckos
  38 orcs
  A ball python (D:5)
  9 bats
  7 giant cockroaches
  7 goblins
  7 hobgoblins
  25 jackals
  6 kobolds
  7 quokkas
  4 frilled lizards
  A giant cockroach zombie (D:5)
  A jackal zombie (D:7)
  A leopard gecko skeleton (D:8)
  9 rats
361 creatures vanquished.

Vanquished Creatures (collateral kills)
  A fire elemental (D:12)
  3 wights (D:12)
4 creatures vanquished.

Vanquished Creatures (others)
  A yak (D:12)
  7 fungi (D:11)
  25 plants
33 creatures vanquished.

Grand Total: 398 creatures vanquished

Notes
Turn   | Place    | Note
-------+----------+-------------------------------------------
     0 | D:1      | jlumianski the Gnoll Warper began the quest for the Orb.
     0 | D:1      | Reached XP level 1. HP: 20/20 MP: 6/6
   170 | D:1      | Reached XP level 2. HP: 15/26 MP: 7/7
   177 | D:1      | Learned a level 2 spell: Blink
   620 | D:1      | Reached XP level 3. HP: 29/31 MP: 9/9
   678 | D:1      | Reached skill level 5 in Spellcasting
  1381 | D:2      | Reached skill level 1 in Invocations
  1459 | D:1      | Learned a level 3 spell: Gell's Gravitas
  1561 | D:2      | HP: 1/31 [orc wizard/puff of frost (7)]
  1563 | D:2      | Reached skill level 1 in Short Blades
  1563 | D:2      | Reached skill level 1 in Long Blades
  1563 | D:2      | Reached skill level 1 in Maces & Flails
  1563 | D:2      | Reached skill level 1 in Polearms
  1563 | D:2      | Reached skill level 1 in Staves
  1563 | D:2      | Reached skill level 1 in Slings
  1563 | D:2      | Reached skill level 1 in Bows
  1563 | D:2      | Reached skill level 1 in Crossbows
  1563 | D:2      | Reached skill level 1 in Stealth
  1563 | D:2      | Reached skill level 1 in Shields
  1563 | D:2      | Reached skill level 1 in Unarmed Combat
  1563 | D:2      | Reached skill level 1 in Evocations
  1563 | D:2      | Reached XP level 4. HP: 2/38 MP: 8/11
  2065 | D:2      | Reached skill level 1 in Conjurations
  2065 | D:2      | Reached skill level 1 in Hexes
  2065 | D:2      | Reached skill level 1 in Summonings
  2065 | D:2      | Reached skill level 1 in Necromancy
  2065 | D:2      | Reached skill level 1 in Transmutations
  2065 | D:2      | Reached skill level 1 in Fire Magic
  2065 | D:2      | Reached skill level 1 in Ice Magic
  2065 | D:2      | Reached skill level 1 in Air Magic
  2065 | D:2      | Reached skill level 1 in Earth Magic
  2065 | D:2      | Reached skill level 1 in Poison Magic
  2136 | D:2      | Reached XP level 5. HP: 10/43 MP: 7/12
  3534 | D:3      | Reached XP level 6. HP: 50/50 MP: 9/13
  4624 | D:4      | Found a hide-covered altar of Uskayaw.
  4809 | D:5      | Entered Level 5 of the Dungeon
  4832 | D:5      | Reached skill level 5 in Fighting
  4832 | D:5      | Reached skill level 5 in Axes
  4832 | D:5      | Reached skill level 5 in Dodging
  4900 | D:5      | Noticed a two-headed ogre
  4919 | D:5      | Killed a two-headed ogre
  4920 | D:5      | Reached XP level 7. HP: 13/56 MP: 2/15
  4920 | D:5      | Reached XP level 8. HP: 14/63 MP: 2/16
  5306 | D:5      | Reached skill level 6 in Spellcasting
  5320 | D:5      | HP: 1/63 [orc wizard/magic dart (9)]
  5936 | D:6      | Found a staircase to the Ecumenical Temple.
  5947 | Temple   | Entered the Ecumenical Temple
  5997 | Temple   | Became a worshipper of Qazlal Stormbringer
  6565 | D:4      | Reached * piety under Qazlal
  6968 | D:5      | Reached XP level 9. HP: 69/69 MP: 18/18
  6992 | D:5      | Noticed a purple ugly thing
  7086 | D:3      | Killed a purple ugly thing
  7670 | D:5      | Found Malosor's Assorted Antiques.
  7708 | D:5      | Bought a scroll of enchant armour for 202 gold pieces
  7809 | D:5      | Found a hazy altar of Hepliaklqana.
  7894 | D:6      | Found Luaquj's Antique Weapon Shop.
  7915 | D:6      | Reached ** piety under Qazlal
  7944 | D:6      | Reached skill level 5 in Throwing
  7944 | D:6      | Reached skill level 5 in Armour
  8088 | D:6      | Found a sparkling altar of Nemelex Xobeh.
  8366 | D:6      | Found a glowing silver altar of Zin.
  8467 | D:6      | Bought an iridescent hand crossbow for 161 gold pieces
  8472 | D:6      | Identified the cursed +0 hand crossbow of Indomitability
                  | {elec, rElec rPois Will- Dex+2} (You bought it in a shop on
                  | level 6 of the Dungeon)
  8809 | D:7      | Reached skill level 5 in Invocations
  9195 | D:7      | Reached skill level 7 in Spellcasting
  9614 | D:8      | Reached XP level 10. HP: 63/77 MP: 20/20
  9870 | D:8      | Found Wups's Armour Boutique.
  9901 | D:8      | Reached skill level 5 in Short Blades
  9901 | D:8      | Reached skill level 5 in Long Blades
  9901 | D:8      | Reached skill level 5 in Maces & Flails
  9901 | D:8      | Reached skill level 5 in Polearms
  9901 | D:8      | Reached skill level 5 in Staves
  9901 | D:8      | Reached skill level 5 in Slings
  9901 | D:8      | Reached skill level 5 in Bows
  9901 | D:8      | Reached skill level 5 in Crossbows
  9901 | D:8      | Reached skill level 5 in Stealth
  9901 | D:8      | Reached skill level 5 in Shields
  9901 | D:8      | Reached skill level 5 in Unarmed Combat
  9901 | D:8      | Reached skill level 5 in Evocations
  9922 | D:8      | Noticed Joseph
  9941 | D:8      | Killed Joseph
  9966 | D:8      | Reached *** piety under Qazlal
 10747 | D:9      | Found Berchei's Weapon Emporium.
 10747 | D:9      | Found a staircase to the Orcish Mines.
 10798 | D:9      | Found a runed translucent gate.
 10798 | D:9      | Noticed a brown ugly thing
 10799 | D:9      | Noticed a red ugly thing
 10799 | D:9      | Noticed a green ugly thing
 10800 | D:9      | Noticed a glowing orange brain
 10801 | D:9      | Found a runed translucent gate.
 10801 | D:9      | Noticed a red ugly thing
 10806 | D:9      | Found a runed translucent gate.
 11006 | D:9      | Noticed an orange crystal statue
 11007 | D:9      | Noticed a two-headed ogre
 11551 | D:9      | Noticed Maurice
 11875 | D:9      | Found a glowing golden altar of the Shining One.
 11882 | D:9      | Found an ancient bone altar of Kikubaaqudgha.
 11988 | D:9      | Killed Maurice
 11989 | D:9      | Reached XP level 11. HP: 79/84 MP: 22/22
 12461 | D:9      | Killed a red ugly thing
 12470 | D:9      | Killed a white ugly thing
 12470 | D:9      | Killed a glowing orange brain
 12471 | D:9      | Reached skill level 8 in Spellcasting
 12471 | D:9      | Reached skill level 5 in Conjurations
 12471 | D:9      | Reached skill level 5 in Hexes
 12471 | D:9      | Reached skill level 5 in Summonings
 12471 | D:9      | Reached skill level 5 in Necromancy
 12471 | D:9      | Reached skill level 5 in Transmutations
 12471 | D:9      | Reached skill level 5 in Fire Magic
 12471 | D:9      | Reached skill level 5 in Ice Magic
 12471 | D:9      | Reached skill level 5 in Air Magic
 12471 | D:9      | Reached skill level 5 in Earth Magic
 12471 | D:9      | Reached skill level 5 in Poison Magic
 12474 | D:9      | Killed a purple ugly thing
 12477 | D:9      | Killed a purple ugly thing
 12565 | D:9      | Found a runed translucent gate.
 12565 | D:9      | Found a runed translucent gate.
 12567 | D:9      | Noticed nothank2's ghost (novice MfIE)
 12570 | D:9      | Found a runed translucent gate.
 12627 | D:10     | Entered Level 10 of the Dungeon
 12739 | D:9      | Noticed a harpy
 12740 | D:9      | a harpy changed into a tengu
 13347 | D:10     | Killed an unseen horror
 13482 | D:10     | Reached **** piety under Qazlal
 13933 | D:8      | Bought a +1 pair of boots of running for 401 gold pieces
 14044 | D:11     | Noticed a cyclops
 14057 | D:11     | Killed a cyclops
 14286 | D:11     | Found Ocitucve's Armour Emporium.
 14289 | D:11     | Bought a +0 pair of gloves for 58 gold pieces
 14298 | D:11     | Noticed a four-headed hydra
 14311 | D:11     | Killed a four-headed hydra
 14330 | D:11     | Reached XP level 12. HP: 78/93 MP: 24/24
 14710 | D:11     | Identified a scroll of acquirement
 14710 | D:11     | Acquired the +2 eveningstar of Soagat {holy, Str+2 SInv}
 14874 | D:11     | Reached ***** piety under Qazlal
 14919 | D:11     | Found a staircase to the Lair.
 15246 | D:12     | Noticed Erolcha
 15252 | D:12     | Killed Erolcha
 15292 | D:12     | Noticed Azrael
 15306 | D:12     | Killed Azrael
 15307 | D:12     | Reached skill level 9 in Spellcasting
 15466 | D:11     | HP: 2/82 [skeletal warrior/+3 hand axe of draining (21)]
 15466 | D:11     | Mangled by a skeletal warrior

Illustrated notes

Levels and vault maps discovered:
D:1:      amcnicky_arrival_feature_with_door, layout_basic
D:2:      layout_basic
D:3:      layout_basic, chequers_serial_rivers_micro_c
D:4:      layout_loops_corners, marbit_many_paths
D:5:      lemuel_castle_with_subvaults [lemuel_castle_interior_original],
          layout_gridville, nzn_hepliaklqana_mist_gate, serial_shops,
          nicolae_shop_overgrown_old_shop
D:6:      layout_cave_pools, nemelex_xobeh_ov_fountains_minmay, zin_treasury,
          minmay_temple_entry_grid, serial_shops,
          nicolae_shop_overgrown_old_shop
D:7:      layout_loops_ring, kennysheep_generic_room_9
D:8:      layout_basic, serial_shops, shop, serial_park_tiny_pond,
          amcnicky_mini_pool_small, uniq_joseph
D:9:      layout_layer_cave, amethyst_overflow_temple_binary, orc_david_3,
          ploomutoo_gammafunk_ghost_potion_laboratory, minivault_16,
          uniq_maurice
D:10:     layout_basic
D:11:     layout_gridville, minmay_lair_entry_grove, serial_shops,
          kennysheep_mini_moat
D:12:     layout_long_grid, serial_shops, shop, uniq_erolcha, uniq_azrael
Temple:   nicolae_temple_elliptical

Skill      XL: |  1  2  3  4  5  6  7  8  9 10 11 12 |
---------------+-------------------------------------+-----
Spellcasting   | 5 6 7 8 9 |  9.0
Invocations    | 1 3 4 5 6 7 8 |  8.1
Short Blades   | 1 3 4 5 6 7 |  7.4
Long Blades    | 1 3 4 5 6 7 |  7.4
Maces & Flails | 1 3 4 5 6 7 |  7.4
Polearms       | 1 3 4 5 6 7 |  7.4
Staves         | 1 3 4 5 6 7 |  7.4
Slings         | 1 3 4 5 6 7 |  7.4
Bows           | 1 3 4 5 6 7 |  7.4
Crossbows      | 1 3 4 5 6 7 |  7.4
Stealth        | 1 3 4 5 6 7 |  7.4
Shields        | 1 3 4 5 6 7 |  7.4
Unarmed Combat | 1 3 4 5 6 7 |  7.4
Evocations     | 1 3 4 5 6 7 |  7.4
Conjurations   | 1 2 3 4 5 6 |  6.1
Hexes          | 1 2 3 4 5 6 |  6.1
Summonings     | 1 2 3 4 5 6 |  6.1
Necromancy     | 1 2 3 4 5 6 |  6.1
Transmutations | 1 2 3 4 5 6 |  6.1
Fire Magic     | 1 2 3 4 5 6 |  6.1
Ice Magic      | 1 2 3 4 5 6 |  6.1
Air Magic      | 1 2 3 4 5 6 |  6.1
Earth Magic    | 1 2 3 4 5 6 |  6.1
Poison Magic   | 1 2 3 4 5 6 |  6.1
Throwing       | 3 4 5 6 7 |  7.9
Armour         | 3 4 5 6 7 |  7.9
Fighting       | 5 6 7 8 |  8.8
Axes           | 5 6 7 8 |  8.8
Dodging        | 5 6 7 8 |  8.8
Translocations | 6 7 8 |  8.3

Action                   |  1- 3 |  4- 6 |  7- 9 | 10-12 || total
-------------------------+-------+-------+-------+-------++-------
Melee: Hand axe          |   103 |   138 |    63 |       ||   304
       Bite              |     7 |    15 |    36 |    74 ||   132
       Punch             |     1 |     2 |     8 |    19 ||    30
       Whip              |       |       |   332 |   472 ||   804
       Hand crossbow     |       |       |       |    24 ||    24
       Eveningstar       |       |       |       |    72 ||    72
       Unarmed           |       |       |       |     5 ||     5
 Fire: Hand crossbow     |       |       |     6 |    38 ||    44
       Shortbow          |       |       |     4 |       ||     4
Throw: Stone             |     5 |    23 |       |       ||    28
       Boomerang         |     1 |       |       |       ||     1
       Dart              |       |    18 |    27 |     1 ||    46
 Cast: Gell's Gravitas   |     1 |    13 |    31 |    25 ||    70
       Blink             |       |     4 |    17 |     3 ||    24
Invok: Upheaval          |       |       |       |     2 ||     2
       Elemental Force   |       |       |       |     2 ||     2
Evoke: Wand              |       |     3 |     6 |     5 ||    14
  Use: Scroll            |       |     2 |    13 |    10 ||    25
       Potion            |       |       |     6 |     9 ||    15
 Stab: Sleeping          |     1 |     1 |       |       ||     2
Armor: Leather armour    |    18 |    34 |    23 |       ||    75
       Ring mail         |       |       |    72 |   299 ||   371
Dodge: Dodged            |    89 |   109 |   358 |   475 ||  1031
       Repelled          |       |       |       |     3 ||     3
Block: Other             |       |       |    19 |   151 ||   170
